 Dungeon Crawl Stone Soup version 0.20.1-1-g8b1a95d (webtiles) character file.

127 tmwrnj the Skirmisher (level 5, -7/47 HPs)
             Began as a Hill Orc Fighter on Aug 2, 2017.
             Killed from afar by Elrondos's ghost (10 damage)
             ... with a magic dart
             ... on level 3 of the Dungeon.
             The game lasted 00:04:25 (2227 turns).

tmwrnj the Skirmisher (Hill Orc Fighter)            Turns: 2227, Time: 00:04:26

Health: -7/47      AC:  7    Str: 20    XL:     5   Next: 11%
Magic:  5/5        EV:  7    Int:  8    God:
Gold:   93         SH:  0    Dex: 10    Spells: 4/4 levels left

rFire    . . .     SeeInvis .   a - +0 flail
rCold    . . .     Gourm    .   c - +0 shield
rNeg     . . .     Faith    .   b - +0 scale mail
rPois    .         Spirit   .   (no helmet)
rElec    .         Reflect  .   (no cloak)
rCorr    .         Harm     .   (no gloves)
MR       .....                  (no boots)
Stlth    ..........             (no amulet)
Regen    0.2/turn               (no ring)
MPRegen  0.1/turn               (no ring)

@: confused
A: no striking features
a: no special abilities


You were on level 3 of the Dungeon.
You were not hungry.

You visited 1 branch of the dungeon, and saw 4 of its levels.

You collected 93 gold pieces.

Inventory:

Hand Weapons
 a - a +0 flail (weapon)
 e - a +0 whip of venom
Armour
 b - a +0 scale mail (worn)
 c - a +0 shield (worn)
Scrolls
 g - a scroll of teleportation {unknown}
 h - 2 scrolls of remove curse {unknown}
 i - 6 scrolls of identify {unknown}
 n - a scroll of amnesia {unknown}
 q - a scroll of enchant armour {unknown}
 s - a scroll of random uselessness {unknown}
Potions
 d - 2 potions of might
 j - 2 potions of curing {unknown}
 k - 2 potions of haste {unknown}
 l - a potion of brilliance {unknown}
 p - a potion of lignification {unknown}
 r - a potion of heal wounds {unknown}
 t - a potion of degeneration {unknown}
 v - 2 potions of flight {unknown}
Comestibles
 f - 2 bread rations
 m - 2 meat rations
 o - 3 royal jellies


   Skills:
 + Level 4.3 Fighting
 + Level 3.1 Maces & Flails
 + Level 4.1 Armour
 + Level 0.7 Dodging
 + Level 4.3 Shields


You had 4 spell levels left.
You didn't know any spells.

Dungeon Overview and Level Annotations

Branches:
Dungeon (4/15)
 Temple: D:4-7

Altars:
Vehumet
Xom

Annotations:
D:3 Elrondos's ghost, weakling FeCj


Message History

Elrondos's ghost keens inconsolably.
Elrondos's ghost hits you.
Elrondos's ghost stares at you and mumbles some strange words.
The magic dart hits you!
* * * LOW HITPOINT WARNING * * *
Elrondos's ghost hits you.
* * * LOW HITPOINT WARNING * * *
Elrondos's ghost barely misses you.
Found a bread ration.
Elrondos's ghost shouts, "Death is your only future!"
Elrondos's ghost casts a spell at you. The magic dart hits you!
Elrondos's ghost stares at you and mumbles some strange words.
The spray of energy hits you!
* * * LOW HITPOINT WARNING * * *
You are confused.
There is a stone staircase leading up here.
Elrondos's ghost casts a spell at you. The magic dart hits you!
You die...

.............>#.##.#
#.#.#
#####..#######.##.#
..... #####..#####
#.##.. #.#.#
#..........# #.##.#
..# ##.###..###.#
#.# .. .......K# #.#
#.# # ##.####.#
#.###.##. #
###K###........ #
#...W.@..####.. #
#.#.###.## .# #
#.#.# #.# # ...... #
#.# #.# ...... #%#
#.# ###..# #.# #.#
.... ... ..# ##.. #.
## ... ##.


You could see Elrondos's ghost and a kobold.

Vanquished Creatures
  A worker ant (D:4)
  3 gnolls
  3 adders
  An ooze (D:2)
  A dart slug (D:1)
  3 leopard geckos
  6 bats
  2 giant cockroaches (D:1)
  4 hobgoblins
  5 kobolds
  A quokka (D:2)
  5 frilled lizards
  3 goblins (D:1)
  5 rats
43 creatures vanquished.

Notes
Turn   | Place    | Note
-------+----------+-------------------------------------------
     0 | D:1      | tmwrnj the Hill Orc Fighter began the quest for the Orb.
     0 | D:1      | Reached XP level 1. HP: 19/19 MP: 1/1
   146 | D:1      | Reached XP level 2. HP: 24/27 MP: 2/2
   418 | D:1      | Reached XP level 3. HP: 31/33 MP: 3/3
   944 | D:2      | Reached XP level 4. HP: 24/40 MP: 4/4
  1814 | D:3      | Noticed Elrondos's ghost (weakling FeCj)
  1936 | D:4      | Found a shimmering altar of Xom.
  2062 | D:4      | Found a radiant altar of Vehumet.
  2072 | D:4      | Reached XP level 5. HP: 38/47 MP: 5/5
  2188 | D:4      | Noticed an ogre
  2227 | D:3      | Killed from afar by Elrondos's ghost

Skill      XL: |  1  2  3  4 |
---------------+-------------+-----
Fighting       | 4 |  4.3
Shields        | 4 |  4.3
Maces & Flails | 3 |  3.1
Armour         | 4 |  4.1
Dodging        | |  0.7

Action                   |  1- 3 |  4- 6 || total
-------------------------+-------+-------++-------
Melee: Flail             |    13 |    74 ||    87
       Whip              |    93 |       ||    93
  Eat: Chunk             |       |     4 ||     4
Armor: Scale mail        |    42 |    56 ||    98
Dodge: Dodged            |    39 |    32 ||    71
Block: Shield            |    52 |    49 ||   101
